 Dungeon Crawl Stone Soup version 0.22-a0-538-g76cc104 (webtiles) character file.

214 iamserjio the Poker (level 5, -1/28 HPs)
             Began as a Vine Stalker Skald on June 23, 2018.
             Slain by a sky beast (5 damage)
             ... on level 5 of the Dungeon.
             The game lasted 00:10:22 (895 turns).

iamserjio the Poker (Vine Stalker Skald)             Turns: 895, Time: 00:10:22

Health: -1/28      AC:  4    Str: 11 (13) XL:     5   Next: 91%
Magic:  0/10       EV: 11    Int: 13 (14) God:
Gold:   160        SH:  0    Dex: 13 (14) Spells: 2/10 levels left

rFire    . . .     SeeInvis .   a - +0 spear
rCold    . . .     Gourm    .   (no shield)
rNeg     . . .     Faith    .   b - +1 leather armour
rPois    .         Spirit   +   (no helmet)
rElec    .         Reflect  .   (no cloak)
rCorr    .         Harm     .   (no gloves)
MR       .....                  (no boots)
Stlth    +.........             f - amulet of inaccuracy (curse)
HPRegen  0.49/turn              (no ring)
MPRegen  0.12/turn              (no ring)

@: shrouded (expiring)
A: fangs 2, regeneration 1, magic shield, antimagic bite, no potion heal 3, rot
immunity
a: no special abilities


You were on level 5 of the Dungeon.
You were hungry.

You visited 1 branch of the dungeon, and saw 5 of its levels.

You collected 160 gold pieces.

Inventory:

Hand Weapons
 a - a +0 spear (weapon)
 n - a cursed +0 blowgun
Missiles
 l - 26 poisoned needles
Armour
 b - a +1 leather armour (worn)
 i - a +0 ring mail
 j - a cursed +0 scale mail
Jewellery
 f - a cursed amulet of inaccuracy (around neck)
Scrolls
 e - a scroll of fear
Potions
 g - a potion of curing {@q1}
 h - a potion of brilliance {unknown}
 k - a potion of experience {unknown}
Comestibles
 c - 2 chunks of flesh
 d - 4 rations


   Skills:
 + Level 2.9 Fighting
 * Level 3.8 Polearms
 - Level 0.7 Armour
 - Level 1.5 Dodging
 - Level 3.1 Spellcasting
 + Level 3.7 Charms


You had 2 spell levels left.
You knew the following spells:

 Your Spells              Type           Power        Failure   Level  Hunger
a - Infusion              Chrm           ##..         6%          1    #......
b - Song of Slaying       Chrm           ##......     10%         2    ##.....
c - Shroud of Golubria    Chrm/Tloc      #.........   21%         2    ##.....
d - Regeneration          Chrm/Necr      #.........   38%         3    ###....

Your spell library contained the following spells:

 Spells                   Type           Power        Failure   Level  Hunger
 Spectral Weapon          Hex/Chrm       #.......     38%         3    ###....


Dungeon Overview and Level Annotations

Branches:
Dungeon (5/15)
 Temple: D:4-7

Altars:


Innate Abilities, Weirdness & Mutations

You have extremely sharp teeth.
Your natural rate of healing is unusually fast.
When hurt, damage is shared between your health and your magic reserves.
Your bite disrupts and absorbs the magic of your enemies.
Potions cannot restore your health.
You are immune to rotting.


Message History

Something hits you but does no damage.
You miss something. Your bite misses something.
Something hits you but does no damage.
You completely miss something. Your bite misses something. Something hits you.
Something shocks you.
You miss something.
Your shroud begins to fray at the edges.
You miss something. Your bite misses something.
Something hits you but does no damage.
You completely miss something. Your bite misses something.
Your shroud bends something's attack away.
You closely miss something. Your bite misses something. Something hits you.
Something shocks you.
* * * LOW HITPOINT WARNING * * *
You closely miss something. Your bite misses something.
Something hits you but does no damage.
You hit something but do no damage. Something hits you.
* * * LOW HITPOINT WARNING * * *
Something shocks you.
You die...

#.#............#
#.#............#
#..............#
#..............#
#..............#
#..............#
#..###.........#
#..
#........)######.#
#..
#.#'#......@{....#
#..
#.#.#.##########.#
#.#.#.# ....#.#
##.##.# .. #.# ..
.#


There were no monsters in sight!

Vanquished Creatures
  A bullfrog (D:5)
  A centaur skeleton (D:4)
  Terence (D:3)
  A worker ant (D:4)
  An adder (D:2)
  An ooze (D:1)
  An adder zombie (D:5)
  2 dart slugs
  3 leopard geckos
  5 orcs
  4 giant cockroaches
  4 goblins
  3 hobgoblins
  4 jackals (D:2)
  5 kobolds
  4 bats
  A frilled lizard (D:2)
  A leopard gecko skeleton (D:5)
  3 rats (D:1)
46 creatures vanquished.

Notes
Turn   | Place    | Note
-------+----------+-------------------------------------------
     0 | D:1      | iamserjio the Vine Stalker Skald began the quest for the Orb.
     0 | D:1      | Reached XP level 1. HP: 11/11 MP: 4/4
    27 | D:1      | Reached XP level 2. HP: 13/15 MP: 0/6
    35 | D:1      | Learned a level 2 spell: Song of Slaying
    38 | D:1      | Learned a level 2 spell: Shroud of Golubria
   205 | D:1      | Reached XP level 3. HP: 18/18 MP: 3/7
   396 | D:4      | Gained mutation: Your natural rate of healing is unusually fast. [Vine Stalker growth]
   396 | D:4      | Reached XP level 4. HP: 2/23 MP: 0/8
   401 | D:4      | Learned a level 3 spell: Regeneration
   623 | D:3      | Noticed Terence
   671 | D:3      | Killed Terence
   671 | D:3      | Reached XP level 5. HP: 8/27 MP: 0/10
   794 | D:5      | Entered Level 5 of the Dungeon
   849 | D:5      | Noticed a sky beast
   895 | D:5      | Slain by a sky beast

Vault maps used:
D:1:      elethiomel_arrival_infinity_welcomes_careful_drivers
D:2:      kennysheep_another_room
D:3:      corexii_shack_village, serial_park_tiny_pond, st_stairs_12,
          uniq_terence
D:4:      first_ration, uniq_grinder
D:5:      grunt_temple_overflow_magic_moments, temple_green

Skill      XL: |  1  2  3  4  5 |
---------------+----------------+-----
Polearms       | 2 3 |  3.8
Fighting       | 2 |  2.9
Spellcasting   | 3 |  3.1
Armour         | |  0.7
Dodging        | |  1.5
Charms         | |  3.7

Action                   |  1- 3 |  4- 6 || total
-------------------------+-------+-------++-------
Melee: Spear             |    86 |   168 ||   254
       Bite              |    18 |    42 ||    60
 Cast: Infusion          |     6 |     4 ||    10
       Song of Slaying   |     2 |     4 ||     6
       Shroud of Golubri |     1 |     6 ||     7
  Use: Potion            |       |     5 ||     5
       Scroll            |       |     4 ||     4
 Stab: Sleeping          |       |     2 ||     2
  Eat: Chunk             |       |     1 ||     1
Armor: Leather armour    |    21 |    28 ||    49
Dodge: Dodged            |    51 |    51 ||   102

Table legend:
 A = Spawn XP
 B = Non-spawn XP
 C = Spawn XP percentage of total XP
 D = Spawn monster count
 E = Non-spawn monster count
 F = Spawn count percentage of total count
 G = Total turns spent on level
                    A         B        C        D         E        F      G
               +---------+---------+-------+---------+---------+-------+---------
         Total |       0 |     306 |   0.0 |       0 |      46 |   0.0 |   895
               +---------+---------+-------+---------+---------+-------+---------
           D:1 |       0 |      37 |   0.0 |       0 |      16 |   0.0 |   218
           D:2 |       0 |      32 |   0.0 |       0 |      10 |   0.0 |   172
           D:3 |       0 |      64 |   0.0 |       0 |      14 |   0.0 |   328
           D:4 |       0 |      74 |   0.0 |       0 |       2 |   0.0 |    76
           D:5 |       0 |      99 |   0.0 |       0 |       4 |   0.0 |   101
               +---------+---------+-------+---------+---------+-------+---------
